 Seeded DCSS version 0.30-a0-1094-g860fb061e7 (webtiles) character file.

Game seed: 7851298505247932012 (custom seed)

674 Pimp the Covered (level 7, -6/44 HPs)
             Began as a Gargoyle Fighter on Apr 17, 2023.
             Mangled by an orc warrior
             ... wielding a +0 trident
              (7 damage)
             ... on level 6 of the Dungeon.
             The game lasted 00:05:50 (2007 turns).

Pimp the Covered (Gargoyle Fighter)                 Turns: 2007, Time: 00:05:50

Health: -6/44      AC: 12    Str: 21    XL:     7   Next: 59%
Magic:  7/7        EV:  9    Int:  9    God:
Gold:   1175       SH:  5    Dex:  9    Spells: 6/6 levels left

rFire   . . .      SeeInvis .    a - +0 flail
rCold   . . .      Faith    .    c - +0 buckler
rNeg    + . .      Spirit   .    b - +0 scale mail
rPois   ∞          Reflect  .    (no helmet)
rElec   +          Rampage  .    (no cloak)
rCorr   .                        (no gloves)
Will    .....                    (no boots) Stlth
                                 (no amulet)
HPRegen 0.27/turn                (no ring)
MPRegen 0.10/turn                (no ring)

@: on berserk cooldown, slowed, very slow
A: sickness immunity, AC +4, negative energy resistance 1, electricity
resistance, torment resistance 1, petrification resistance
a: no special abilities


You were on level 6 of the Dungeon.
You visited 1 branch of the dungeon, and saw 6 of its levels.

You collected 1364 gold pieces.
You spent 189 gold pieces at shops.

Inventory:

Hand Weapons
 a - a +0 flail (weapon)
Missiles
 h - a throwing net (quivered)
Armour
 b - a +0 scale mail (worn)
 c - a +0 buckler (worn)
 t - the +1 leather armour of the Shoals {rF+ MP+9 Str-5 Dex+5 Slay+2}
   (You bought it in a shop on level 4 of the Dungeon)

   Str:       It affects your strength (-5).
   Dex:       It affects your dexterity (+5).
   Slay:      It affects your accuracy & damage with ranged weapons and melee
   (+2).
   rF:        It protects you from fire.
   MP:        It affects your magic capacity (+9).
Wands
 j - a wand of mindburst (26)
Scrolls
 f - a scroll of amnesia
 g - a scroll of magic mapping {unknown}
 i - 3 scrolls of teleportation
 n - a scroll of fear {unknown}
 p - a scroll of fog
 q - a scroll of identify {unknown}
 s - a scroll of blinking {unknown}
Potions
 k - a potion of cancellation {unknown}
 l - a potion of berserk rage
 m - a potion of degeneration {unknown}
 o - a potion of invisibility {unknown}
 r - a potion of resistance {unknown}


   Skills:
 + Level 5.4 Fighting
 + Level 4.3 Maces & Flails
 + Level 5.5 Armour
 + Level 5.5 Shields


You had 6 spell levels left.
You didn't know any spells.
Your spell library contained the following spells:

 Spells                   Type           Power      Damage    Failure   Level
 Freeze                   Ice            0%         1d3       80%         1
 Magic Dart               Conj           0%         1d3       80%         1
 Call Imp                 Summ           0%         N/A       90%         2
 Frozen Ramparts          Ice            0%         1d1       99%         3
 Hailstorm                Conj/Ice       0%         3d3       99%         3
 Mephitic Cloud           Conj/Pois/Air  0%         N/A       99%         3


Dungeon Overview and Level Annotations

Branches:
Dungeon (7/15)             Temple (0/1) D:6

Altars:

Shops:
D:2 (   D:3 =   D:4 [


Innate Abilities, Weirdness & Mutations

You are immune to sickness and miasma.
Your stone body is resilient. (AC +4)
You are immune to poison.
You resist negative energy. (rN+)
You are resistant to electric shocks. (rElec)
You are resistant to unholy torment.
You are immune to petrification.


Message History

You barely miss the orc. You block the orc warrior's attack.
You block the orc's attack.
You barely miss the orc. You closely miss the orc.
The orc hits you but does no damage.
The orc warrior hits you from afar with a +0 trident.
* * * LOW HITPOINT WARNING * * *
You sock the orc!
You kill the orc!
The orc warrior hits you from afar with a +0 trident.
* * * LOW HITPOINT WARNING * * *
The orc wizard casts a spell.
The orc wizard flickers and vanishes!
Deactivating autopickup; reactivate with Ctrl-A.
Items here: )) = [[ †.
You feel a strong urge to attack something.
You barely miss the orc warrior.
The orc warrior hits you with a +0 trident.
* * * LOW HITPOINT WARNING * * *
Something hits you but does no damage.
You hit the orc warrior.
The orc warrior is lightly wounded.
Something hits you but does no damage. You block the orc warrior's attack.
Items here: )) = [[ †.
You hit the orc warrior.
The orc warrior is moderately wounded.
The orc warrior hits you but does no damage.
You closely miss the orc warrior.
The orc warrior is moderately wounded.
Something hits you but does no damage.
The orc warrior hits you with a +0 trident!
* * * LOW HITPOINT WARNING * * *
You sock the orc warrior!
The orc warrior is severely wounded.
Something hits you but does no damage.
The orc warrior drinks a potion.
The orc warrior is healed!
You are no longer berserk.
You are exhausted.
You feel yourself slow down.
The orc warrior hits you from afar with a +0 trident!
You die...

.#. .. . ..###
.>. ###...
....#....#####..
......$#........
#.....o.......
#.....#)######
#....##@#########
...###
#.........# ##
#########.# #.#
#.# #.# #.# ###.#
#...#


You could see an orc warrior.

Vanquished Creatures
  A hornet (D:7)
  An ogre (D:4)
  A phantom (D:7)
  A centaur (D:7)
  A bullfrog (D:7)
  A scorpion (D:7)
  A hound (D:6)
  An orc wizard (D:7)
  2 adders
  3 dart slugs
  11 orcs
  4 endoplasms
  A giant cockroach (D:1)
  5 goblins
  4 hobgoblins
  4 kobolds
  A quokka (D:1)
  2 ball pythons
  2 bats (D:2)
  3 frilled lizards
  2 rats
52 creatures vanquished.

Vanquished Creatures (others)
  11 plants (D:7)
11 creatures vanquished.

Grand Total: 63 creatures vanquished

Notes
Turn   | Place    | Note
-------+----------+-------------------------------------------
     0 | D:1      | Pimp the Gargoyle Fighter began the quest for the Orb.
     0 | D:1      | Reached XP level 1. HP: 14/14 MP: 1/1
   176 | D:1      | Reached XP level 2. HP: 19/19 MP: 2/2
   366 | D:1      | Identified a scroll of acquirement
   366 | D:1      | Acquired 1197 gold pieces
   725 | D:2      | Reached XP level 3. HP: 23/23 MP: 3/3
   737 | D:2      | Found Muinuro's Antique Weapon Boutique.
  1084 | D:3      | Found a faded altar of an unknown god.
  1232 | D:3      | Found Zusmamos's Jewellery Emporium.
  1688 | D:4      | Reached XP level 4. HP: 27/29 MP: 4/4
  1705 | D:4      | Noticed an ogre
  1713 | D:4      | Killed an ogre
  1714 | D:4      | Reached XP level 5. HP: 33/33 MP: 5/5
  1716 | D:4      | Found Jeutered's Antique Armour Shop.
  1725 | D:4      | Bought an ichor-stained leather armour for 189 gold pieces
  1725 | D:4      | Identified the +1 leather armour of the Shoals {rF+ MP+9
                  | Str-5 Dex+5 Slay+2} (You bought it in a shop on level 4 of
                  | the Dungeon)
  1756 | D:4      | You fall into a shaft and drop 3 floors!
  1757 | D:7      | Noticed a phantom
  1769 | D:7      | Noticed a hornet
  1778 | D:7      | Killed a phantom
  1778 | D:7      | Killed a hornet
  1779 | D:7      | Reached skill level 5 in Fighting
  1779 | D:7      | Reached skill level 5 in Armour
  1779 | D:7      | Reached skill level 5 in Shields
  1779 | D:7      | Reached XP level 6. HP: 24/40 MP: 6/6
  1779 | D:7      | Reached XP level 7. HP: 27/44 MP: 7/7
  1978 | D:6      | Found a staircase to the Ecumenical Temple.
  2005 | D:6      | HP: 1/66 [orc warrior/+0 trident (7)]
  2007 | D:6      | Mangled by an orc warrior

Illustrated notes

Levels and vault maps discovered:
D:1:      minmay_arrival_wavy_path, layout_rooms
D:2:      layout_loops_ring, serial_shops, shop
D:3:      layout_rooms, serial_shops, shop, nicolae_ecumenical_oubliette
D:4:      layout_gridville, amethyst_overflow_temple_binary, serial_shops, shop,
          kennysheep_path_1, chequers_serial_rivers_room_a
D:6:      layout_loops_ring, minmay_temple_entry_tees, nrook_mini_vaults
D:7:      layout_rooms, mainiacjoe_overflow_small_starburst,
          mainiacjoe_overflow_chevrons, grunt_temple_overflow_open,
          serial_bayou, serial_bayou_crossing, serial_bayou_ford_a,
          serial_bayou_pond_b, serial_bayou_lagoon_a,
          kennysheep_opposing_triangles

Skill      XL: |  1  2  3  4  5  6  7 |
---------------+----------------------+-----
Fighting       | 4 5 |  5.4
Maces & Flails | 3 4 |  4.3
Armour         | 4 5 |  5.5
Shields        | 4 5 |  5.5

Action                     |  1- 3 |  4- 6 |  7- 9 || total
---------------------------+-------+-------+-------++-------
  Melee: Flail             |    99 |     8 |    42 ||   149
    Use: Scroll            |     2 |     3 |       ||     5
         Potion            |       |     2 |     2 ||     4
 Armour: Scale mail        |    56 |     6 |    27 ||    89
  Dodge: Dodged            |    38 |     9 |    26 ||    73
  Block: Buckler           |    20 |     2 |    15 ||    37

Table legend: (Time is in decaauts)
 A = Elapsed time spent in this place.
 B = Non-inter-level travel time spent in this place.
 C = Inter-level travel time spent in this place.
 D = Time resting spent in this place.
 E = Time spent auto-exploring this place.
 F = Levels seen in this place.
 G = Mean time per level.
                   A        B        C        D        E       F      G
               +--------+--------+--------+--------+--------+-----+--------+
         Total |   2045 |   1891 |    154 |    109 |   1345 |   6 |  340.8 |
       Dungeon |   2045 |   1891 |    154 |    109 |   1345 |   6 |  340.8 |
               +--------+--------+--------+--------+--------+-----+--------+

Top non-repeatable levels by time:
     D:2: 767 daAuts
     D:3: 524 daAuts
     D:1: 412 daAuts
     D:7: 171 daAuts
     D:6: 85 daAuts
     D:4: 84 daAuts
